Replay - Pressure #1 - Same Style, Different Flavor

Build Order

Get SALT Encoding   

  12  0:00  Probe (Chrono Boost)  
  13  0:11  Probe (Chrono Boost)  
  14  0:17  Pylon  
  14  0:22  Probe (Chrono Boost)  
  15  0:36  Gateway, Probe (Chrono Boost)  
  15  0:42  Assimilator  
  16  0:47  Probe (Chrono Boost)  
  17  0:58  Probe (Chrono Boost)  
  18  1:08  Probe (Chrono Boost)  
  19  1:19  Nexus  
  19  1:24  Probe (Chrono Boost)  
  20  1:31  Cybernetics Core  
  20  1:35  Probe (Chrono Boost)  
  21  1:42  Assimilator  
  21  1:46  Probe (Chrono Boost)  
  22  1:50  Pylon  
  22  1:58  Probe (Chrono Boost)  
  23  2:09  Mothership Core (Chrono Boost)  
  23  2:11  Adept (Chrono Boost)  
  27  2:16  Pylon  
  27  2:23  Warp Gate  
  27  2:30  Probe (Chrono Boost)  
  28  2:38  Adept (Chrono Boost)  
  28  2:41  Probe  
  31  2:50  Probe  
  31  2:54  Probe  
  33  2:59  Stargate  
  33  3:01  Probe (Chrono Boost)  
  34  3:06  Probe (Chrono Boost)  
  35  3:13  Probe (Chrono Boost)  
  35  3:17  Probe (Chrono Boost)  
  37  3:23  Probe (Chrono Boost)  
  38  3:27  Pylon, Probe (Chrono Boost)  
  38  3:28  Pylon  
  38  3:29  Pylon  
  38  3:34  Probe (Chrono Boost)  
  40  3:38  Probe (Chrono Boost)  
  41  3:44  Adept, Oracle (Chrono Boost), Probe (Chrono Boost)  
  48  3:48  Probe (Chrono Boost)  
  48  3:53  Probe (Chrono Boost)  
  49  3:59  Assimilator, Probe  
  50  4:04  Probe  
  49  4:11  Probe  
  49  4:14  Probe  
  51  4:22  Oracle (Chrono Boost)  
  51  4:23  Probe  
  55  4:25  Probe  
  54  4:31  Twilight Council  
  54  4:35  Probe x2  
  56  4:41  Assimilator  
  56  4:42  Pylon  
  56  4:43  Gateway  
  56  4:45  Gateway  
  56  4:46  Probe  
  56  4:47  Probe  
  58  4:52  Gateway  
  58  4:54  Robotics Facility  
  60  5:00  Mothership Core  
  60  5:12  Probe  
  60  5:14  Oracle (Chrono Boost)  
  61  5:17  Gateway, Forge  
  61  5:21  Probe  
  62  5:24  Probe  
  62  5:26  Blink (Chrono Boost)  
  62  5:35  Probe  
  62  5:36  Probe  
  62  5:40  Nexus  
  62  5:41  Pylon  
  64  5:43  Pylon  
  64  5:46  Pylon  
  64  5:50  Protoss Ground Armor Level 1  
  64  5:54  Oracle  
  64  6:04  Probe x2  
  69  6:10  Pylon  
  69  6:22  Warp Prism (Chrono Boost), Probe x2  
  69  6:23  Stalker  
  69  6:24  Stalker x4  
  80  6:34  Probe x2  
  80  6:37  Pylon  
  82  6:44  Gateway  
  82  6:46  Probe x2  
  84  6:57  Sentry x2  
  84  6:58  Probe x2  
  84  6:59  Oracle (Chrono Boost), Probe  
  94  7:03  Assimilator, Sentry  
  94  7:04  Assimilator  
  94  7:07  Resonating Glaives  
  96  7:10  Probe x2  
  96  7:13  Gateway  
  98  7:18  Pylon  
  98  7:19  Gateway, Probe  
  98  7:22  Adept x3, Probe  
  106  7:31  Probe  
  106  7:32  Probe  
  106  7:34  Immortal (Chrono Boost)  
  112  7:37  Forge  
  112  7:38  Pylon  
  112  7:41  Adept x2  
  112  7:43  Adept  
  118  7:48  Pylon  
  118  7:50  Pylon  
  118  7:51  Adept  
  118  7:57  Stalker  
  118  7:58  Stalker  
  124  8:01  Pylon  
  124  8:10  Stalker x3  
  130  8:14  Protoss Ground Weapons Level 1  
  130  8:26  Adept x5  
  126  8:54  Stalker x4  
  126  8:55  Stalker x4  
  132  9:00  Probe x2  
  130  9:04  Probe  
  119  9:15  Probe  
  118  9:19  Stalker x8  
  115  9:42  Stalker x8  
  119  9:55  Pylon, Nexus  
Spawning Tool Build Advisor. Get it on Overwolf

Go to:

Details

  • Created by: PeterLiu
  • Published on: Mar 05, 2016
  • Modified on: Mar 05, 2016
  • Patch: Pre-3.8.0
Show
View Real Time Build Order
Export as new Build Order

Comments (0)

There are no comments. Be the first!

Create an account to comment!